 Dungeon Crawl Stone Soup version 0.23-a0-139-ga22e90c (webtiles) character file.

205 Amnesiac the Gusty (level 5, -3/35 HPs)
             Began as a Mummy Air Elementalist on Aug 30, 2018.
             Killed from afar by Natasha (5 damage)
             ... with a magic dart
             ... on level 4 of the Dungeon.
             The game lasted 00:05:18 (1488 turns).

Amnesiac the Gusty (Mummy Air Elementalist)         Turns: 1488, Time: 00:05:19

Health: -3/35      AC:  2    Str: 11    XL:     5   Next: 52%
Magic:  7/11       EV: 12    Int: 16    God:
Gold:   95         SH:  0    Dex: 12    Spells: 5/12 levels left

rFire    x . .     SeeInvis .   k - +2 mace (protect)
rCold    + . .     Gourm    .   (no shield)
rNeg     + + +     Faith    .   g - +0 robe
rPois    ∞         Spirit   .   (no helmet)
rElec    .         Reflect  .   (no cloak)
rCorr    +         Harm     .   (no gloves)
MR       .....                  (no boots)
Stlth    +.........             (no amulet)
HPRegen  0.11/turn              c - ring of resist corrosion
MPRegen  0.12/turn              l - ring of attention (curse)

@: slowed, very slow
A: no food or potions, fire vulnerability, cold resistance 1, negative energy
resistance 3, torment resistance, unbreathing
a: no special abilities


You were on level 4 of the Dungeon.
You were not hungry.

You visited 1 branch of the dungeon, and saw 5 of its levels.

You collected 95 gold pieces.

Inventory:

Hand Weapons
 a - a +1 dagger of venom
 b - a +0 blowgun
 k - a +2 mace of protection (weapon)
Missiles
 i - 21 poisoned needles
Armour
 g - a +0 robe (worn)
Jewellery
 c - a ring of resist corrosion (left hand)
 l - a cursed ring of attention (right hand)
Scrolls
 d - 3 scrolls of teleportation {!r, unknown}
 e - 2 scrolls of remove curse {!r, unknown}
 f - a scroll of amnesia {!r}
 h - 2 scrolls of identify {!r}
 j - a scroll of noise {!r, unknown}


   Skills:
 - Level 1.5 Dodging
 - Level 1.5 Stealth
 + Level 4.4 Spellcasting
 - Level 0.7 Conjurations
 * Level 4.5 Air Magic


You had 5 spell levels left.
You knew the following spells:

 Your Spells              Type           Power        Failure   Level  Hunger
a - Shock                 Conj/Air       ##..         5%          1    N/A
d - Airstrike             Air            ###.......   24%         4    N/A
z - Swiftness             Chrm/Air       ##......     10%         2    N/A

Your spell library contained the following spells:

 Spells                   Type           Power        Failure   Level  Hunger
 Static Discharge         Conj/Air       ##......     16%         3    N/A
 Lightning Bolt           Conj/Air       ##........   83%         5    N/A

Dungeon Overview and Level Annotations

Branches:
Dungeon (5/15)
 Temple: D:4-7

Altars:
Okawaru

Portals:
Sewer: D:4

Annotations:
D:4 Natasha


Innate Abilities, Weirdness & Mutations

You do not eat or drink.
Your flesh is vulnerable to fire.
You are immune to poison.
Your flesh is cold resistant. (rC+)
You are immune to negative energy. (rN+++)
You are immune to unholy pain and torment.
You can survive without breathing.


Message History

Natasha misses you.
You hit Natasha.
Natasha is moderately wounded.
You hear the rapid rusting of a distant drain.
Natasha stares at you and mumbles some strange words.
You feel as though you will be slow longer.
Natasha closely misses you.
You hit Natasha but do no damage.
Natasha is moderately wounded.
The crimson imp blinks!
Natasha completely misses you. Natasha claws you but does no damage.
Natasha claws you.
* * * LOW HITPOINT WARNING * * *
Casting: Shock (safe; 5% risk of failure)
Confirm with . or Enter, or press ? or * to list all spells.
Aiming: Shock (safe; 5% risk of failure)
Press: ? - help, Shift-Dir - straight line The zap misses Natasha.
The zap hits Natasha.
Natasha is heavily wounded.
The shadow imp disappears in a puff of smoke!
Natasha closely misses you.
Casting: Shock (safe; 5% risk of failure)
Confirm with . or Enter, or press ? or * to list all spells.
Aiming: Shock (safe; 5% risk of failure)
Press: ? - help, Shift-Dir - straight line The zap hits Natasha.
Natasha is severely wounded.
The zap hits Natasha.
Natasha is almost dead.
The zap hits the worm.
The worm is lightly wounded.
Natasha claws you.
* * * LOW HITPOINT WARNING * * *
Natasha mumbles some strange words.
Casting: Shock (safe; 5% risk of failure)
Confirm with . or Enter, or press ? or * to list all spells.
Aiming: Shock (safe; 5% risk of failure)
Press: ? - help, Shift-Dir - straight line The zap misses Natasha. x2; The zap hits the worm.
The worm is lightly wounded.
Natasha howls an incantation.
You feel troubled. Natasha casts a spell at you. The magic dart hits you!
* * * LOW HITPOINT WARNING * * *
The crimson imp hits you.
* * * LOW HITPOINT WARNING * * *
Unknown command.
Casting: Shock (safe; 5% risk of failure)
Confirm with . or Enter, or press ? or * to list all spells.
Aiming: Shock (safe; 5% risk of failure)
Press: ? - help, Shift-Dir - straight line The zap hits Natasha.
You kill Natasha!
Natasha screams in fury as she dies!
The crimson imp disappears in a puff of smoke! x2
The zap hits the worm.
The worm is moderately wounded.
Unknown command.
There is a stone staircase leading up here.
Natasha, Servant of Life and Death comes into view.
Natasha stares at you and mumbles some strange words.
The magic dart hits you!
You die...

#......# #......#
######......##########
#...........†.§......##
#...........########..####
#..........<## ##..w..
#............## ###...
#......#####..### #...
#........@.w....### #...
#..h..######......### #.(.
#.....#.# ####.#...# #.(.
####.##.# #.###.# #.(.
#.##.# #.#.#.# #...
#.##.## #.#.#.# ##..
##.##..#### #.#.#.# #..#
#........># #...!.###†##
#.........# ###.....†.##


You could see a worm and Natasha.

Vanquished Creatures
  A hound (D:4)
  Natasha (twice) (D:4)
  2 worker ants (D:4)
  A hound skeleton (D:4)
  2 adders
  3 worms
  A dart slug (D:2)
  4 orcs
  7 goblins
  8 hobgoblins
  3 kobolds
  A ball python (D:4)
  A frilled lizard (D:2)
  4 rats
40 creatures vanquished.

Notes
Turn   | Place    | Note
-------+----------+-------------------------------------------
     0 | D:1      | Amnesiac the Mummy Air Elementalist began the quest for the
                  | Orb.
     0 | D:1      | Reached XP level 1. HP: 13/13 MP: 4/4
     0 | D:1      | Noticed a golden dragon
     0 | D:1      | Noticed an ice dragon
     0 | D:1      | Noticed a tentacled monstrosity
     2 | D:1      | Noticed a large abomination
     2 | D:1      | Noticed a yellow draconian
     4 | D:1      | Noticed a tentacled monstrosity
     5 | D:1      | Noticed a golden dragon
     7 | D:1      | Noticed a large abomination
    10 | D:1      | Noticed an orb of fire
    12 | D:1      | Noticed a tentacled monstrosity
    14 | D:1      | Noticed an orb of fire
    14 | D:1      | Noticed a white draconian
    14 | D:1      | Noticed a shadow dragon
    16 | D:1      | Noticed a tentacled monstrosity
    16 | D:1      | Noticed a tentacled monstrosity
    18 | D:1      | Noticed a golden dragon
    18 | D:1      | Noticed an orb of fire
    20 | D:1      | Noticed a shadow dragon
   277 | D:3      | Reached XP level 2. HP: 19/19 MP: 3/5
   281 | D:3      | Learned a level 2 spell: Swiftness
   297 | D:3      | Found an iron altar of Okawaru.
   951 | D:3      | Reached XP level 3. HP: 18/24 MP: 2/7
  1040 | D:5      | Entered Level 5 of the Dungeon
  1076 | D:4      | Noticed Natasha
  1088 | D:4      | Killed Natasha
  1094 | D:4      | Reached XP level 4. HP: 12/30 MP: 4/9
  1100 | D:4      | Learned a level 4 spell: Airstrike
  1117 | D:4      | Found a glowing drain.
  1258 | D:4      | Reached XP level 5. HP: 21/35 MP: 9/11
  1454 | D:4      | Noticed Natasha
  1481 | D:4      | HP: 1/35 [crimson imp[Natasha] (3)]
  1482 | D:4      | Killed Natasha
  1487 | D:4      | Noticed Natasha
  1488 | D:4      | Killed from afar by Natasha

Vault maps used:
D:1:      shiori_arrival_whats_in_store_for_you
D:2:      uniq_crazy_yiuf_cottage
D:3:      first_ration, okawaru_metal_pillars_1_2
D:4:      cheibrodos_greedy_goblins, cheibrodos_sewer_entry_sluice, hex_tiny,
          uniq_natasha, uniq_blork_the_orc
D:5:      nicolae_ru_path_of_blood, serial_corexii_hall, corexii_hall_statues_i,
          corexii_hall_statues_s, corexii_hall_statues_s,
          corexii_hall_statues_u, serial_shops, shop_scrolls, shop,
          nicolae_shop_behind_doors, shop_fountains, shop, dk_rats_in_the_wall

Skill      XL: |  1  2  3  4 |
---------------+-------------+-----
Air Magic      | 3 4 |  4.5
Spellcasting   | 3 4 |  4.4
Dodging        | |  1.5
Stealth        | |  1.5
Conjurations   | |  0.7

Action                   |  1- 3 |  4- 6 || total
-------------------------+-------+-------++-------
Melee: Unarmed           |     3 |       ||     3
       Mace              |       |     9 ||     9
 Fire: Blowgun           |    11 |    24 ||    35
 Cast: Shock             |    43 |    38 ||    81
  Use: Scroll            |     1 |       ||     1
Armor: Robe              |       |     7 ||     7
Dodge: Dodged            |    20 |    28 ||    48

Table legend:
 A = Non-vault XP
 B = Vault XP
 C = Vault XP percentage of total XP
 D = Non-vault monster count
 E = Vault monster count
 F = Vault count percentage of total count
                 A         B        C        D         E       F
            +---------+---------+-------+---------+---------+-------
      Total |     232 |      61 |  20.8 |      27 |      13 |  32.5
            +---------+---------+-------+---------+---------+-------
        D:2 |      10 |       0 |   0.0 |       5 |       0 |   0.0
        D:3 |      38 |       0 |   0.0 |      13 |       0 |   0.0
        D:4 |     184 |      61 |  24.9 |       9 |      13 |  59.1
            +---------+---------+-------+---------+---------+-------
